 Dungeon Crawl Stone Soup version 0.27-a0-1299-g1ab19c6527 (webtiles) character file.

Game seed: 16378299703617151195

55 drugrobin the Poker (level 3, 0/30 HPs)
             Began as a Demigod Warper on June 16, 2021.
             Slain by an adder (4 damage)
             ... on level 2 of the Dungeon.
             The game lasted 00:03:52 (1971 turns).

drugrobin the Poker (Demigod Warper)                Turns: 1971, Time: 00:03:52

Health: 0/30       AC:  3    Str: 12    XL:     3   Next: 45%
Magic:  8/8        EV: 11    Int: 19    God:
Gold:   37         SH:  3    Dex: 13    Spells: 3/6 levels left

rFire    . . .     SeeInvis .   j - +0 trident
rCold    . . .     Faith    .   f - +0 buckler
rNeg     . . .     Spirit   .   b - +0 leather armour
rPois    .         Reflect  .   (no helmet)
rElec    .         Harm     .   (no cloak)
rCorr    .         Rampage  .   (no gloves)
Will     .....                  (no boots)
Stlth    +.........             (no amulet)
HPRegen  0.10/turn              (no ring)
MPRegen  0.11/turn              (no ring)

@: lethally poisoned (0 -> -4)
A: high mp 1, forlorn
a: no special abilities


You were on level 2 of the Dungeon.
You visited 1 branch of the dungeon, and saw 2 of its levels.

You collected 37 gold pieces.

Inventory:

Hand Weapons
 a - a +0 spear
 j - a +0 trident (weapon)
Missiles
 d - 5 boomerangs of dispersal (quivered)
 e - 18 sling bullets
Armour
 b - a +0 leather armour (worn)
 f - a +0 buckler (worn)
Scrolls
 c - a scroll of blinking
 g - 2 scrolls of identify {unknown}
 h - a scroll of torment {unknown}
 l - a scroll of teleportation {unknown}
 m - a scroll of fog {unknown}
Potions
 i - a potion of heal wounds {unknown}
 k - a potion of resistance {unknown}


   Skills:
 + Level 2.5 Fighting
 - Level 2.8 Polearms
 - Level 0.8 Throwing
 - Level 0.8 Armour
 - Level 1.7 Dodging
 + Level 2.1 Spellcasting
 + Level 0.4 Summonings
 - Level 2.6 Translocations


You had 3 spell levels left.
You knew the following spells:

 Your Spells              Type           Power      Damage    Failure   Level
a - Summon Small Mammal   Summ           12%        N/A       30%         1
b - Blink                 Tloc           N/A        N/A       19%         2

Your spell library contained the following spells:

 Spells                   Type           Power      Damage    Failure   Level
 Gell's Gravitas          Tloc           6%         N/A       34%         3
 Lesser Beckoning         Tloc           6%         N/A       34%         3
 Teleport Other           Tloc           12%        N/A       34%         3
 Call Imp                 Summ           3%         N/A       41%         2
 Call Canine Familiar     Summ           3%         N/A       65%         3
 Summon Guardian Golem    Hex/Summ       2%         N/A       67%         3
 Summon Ice Beast         Ice/Summ       2%         N/A       97%         4
 Summon Lightning Spire   Summ/Air       2%         N/A       97%         4
 Manifold Assault         Tloc           12%        N/A       97%         5


Dungeon Overview and Level Annotations

Branches:
Dungeon (2/15)

Shops:
D:1 (


Innate Abilities, Weirdness & Mutations

Your attributes grow dramatically as you level up.
You have an increased reservoir of magic. (+10% MP)
You shall have no god before yourself.


Message History

The adder is moderately wounded.
The adder bites you but does no damage.
Your rat bites the adder.
The adder bites you.
You barely miss the adder.
The adder is heavily wounded.
The adder bites you.
You are poisoned.
The adder poisons you!
Your rat closely misses the adder.
The adder bites you.
You are more poisoned.
The adder poisons you!
You closely miss the adder.
The adder is heavily wounded.
You feel very sick.
Your rat misses the adder. The adder bites you.
You are more poisoned.
The adder poisons you!
Your rat bites the adder but does no damage.
You closely miss the adder.
The adder is heavily wounded.
You feel very sick. The adder bites you.
Your rat misses the adder. The adder closely misses you.
Unknown command.
You barely miss the adder.
The adder is heavily wounded.
You feel very sick. The adder barely misses you.
Your rat misses the adder.
Unknown command.
You hit the adder.
The adder is severely wounded.
* * * LOW HITPOINT WARNING * * *
You feel sick. The adder misses you.
Your rat closely misses the adder.
The adder bites you.
* * * LOW HITPOINT WARNING * * *
Unknown command.
Unknown command.
You closely miss the adder.
The adder is severely wounded.
* * * LOW HITPOINT WARNING * * *
You feel sick. The adder bites you.
You die...

#.# ##.# #..
#.# #.####.†
#.# ##......
#.# #......
#.# + #......
#.# .#
#......
######.# ..#
##......
#......##...#
#.......
#.####.@S...#
#.......
#.r....#
#.......
#.##.P.#
#....... #.#
...# ##......
#.# ..#
#....## #.#
.... #....#
#.# .#P.
#....# #.
.#8. ##....#
#.....#


You could see an adder (ally target) and a friendly rat (summoned).

Vanquished Creatures
  2 adders (D:2)
  A dart slug (D:1)
  9 bats
  2 goblins
  5 hobgoblins (D:1)
  4 jackals (D:1)
  3 kobolds (D:1)
  A quokka (D:1)
  2 ball pythons (D:2)
  A frilled lizard (D:2)
  5 rats (D:2)
35 creatures vanquished.

Notes
Turn   | Place    | Note
-------+----------+-------------------------------------------
     0 | D:1      | drugrobin the Demigod Warper began the quest for the Orb.
     0 | D:1      | Reached XP level 1. HP: 17/17 MP: 5/5
   309 | D:1      | Reached XP level 2. HP: 8/24 MP: 7/7
   614 | D:1      | Found Melagib's Antique Weapon Shop.
   783 | D:1      | Learned a level 2 spell: Blink
  1270 | D:2      | Reached XP level 3. HP: 23/29 MP: 8/8
  1406 | D:2      | Learned a level 1 spell: Summon Small Mammal
  1971 | D:2      | Slain by an adder

Illustrated notes

Levels and vault maps discovered:
D:1:      minmay_arrival_shoal_huts, layout_basic, serial_shops,
          nicolae_square_shop, skrybe_limestone_x, minmay_misc_feat_chi,
          hangedman_decor_riveting
D:2:      layout_basic, chequers_ecumenical_altar_lobes, basic_altar,
          minmay_misc_feat_ornament

Skill      XL: |  1  2 |
---------------+-------+-----
Polearms       | 2 |  2.8
Fighting       | 2 |  2.5
Spellcasting   | 2 |  2.1
Throwing       | |  0.8
Armour         | |  0.8
Dodging        | |  1.7
Summonings     | |  0.4
Translocations | |  2.6

Action                   || total
-------------------------++-------
Melee: Spear             ||    83
       Trident           ||    68
 Cast: Summon Small Mamm ||     3
Armor: Leather armour    ||    50
Dodge: Dodged            ||    92
Block: Buckler           ||    20

Table legend: (Time is in decaauts)
 A = Elapsed time spent in this place.
 B = Non-inter-level travel time spent in this place.
 C = Inter-level travel time spent in this place.
 D = Time resting spent in this place.
 E = Time spent auto-exploring this place.
 F = Levels seen in this place.
 G = Mean time per level.
                   A        B        C        D        E       F      G
               +--------+--------+--------+--------+--------+-----+--------+
         Total |   1994 |   1984 |     10 |    206 |   1374 |   2 |  997.0 |
       Dungeon |   1994 |   1984 |     10 |    206 |   1374 |   2 |  997.0 |
               +--------+--------+--------+--------+--------+-----+--------+

Top non-repeatable levels by time:
     D:1: 1210 daAuts
     D:2: 784 daAuts
